 Dungeon Crawl Stone Soup version 0.26-a0-1205-g4083c211ab (webtiles) character file.

Game seed: 5692405315707030831

1062 Gargoyl the Skirmisher (level 8, -9/67 HPs)
             Began as a Gnoll Abyssal Knight on Dec 29, 2020.
             Was a Believer of Lugonu.
             Mangled by a two-headed ogre
             ... wielding a +0 giant club
              (13 damage)
             ... on level 5 of the Dungeon.
             The game lasted 00:04:51 (4722 turns).

Gargoyl the Skirmisher (Gnoll Abyssal Knight)       Turns: 4722, Time: 00:04:51

Health: -9/67      AC: 13    Str: 18    XL:     8   Next: 27%
Magic:  12/12      EV:  9    Int: 14    God:    Lugonu [**....]
Gold:   253        SH:  0    Dex: 14    Spells: 13/13 levels left

rFire    . . .     SeeInvis .   a - +2 hand axe
rCold    . . .     Faith    .   (no shield)
rNeg     . . .     Spirit   .   d - +0 chain mail
rPois    .         Reflect  .   i - +0 helmet
rElec    .         Harm     .   (no cloak)
rCorr    .         Rampage  .   e - +1 pair of gloves
Will     .....                  (no boots)
Stlth    ..........             (no amulet)
HPRegen  0.21/turn              (no ring)
MPRegen  0.13/turn              (no ring)

@: no status effects
A: distributed training, fangs 1, strong nose
a: Renounce Religion, Depart the Abyss, Bend Space


You were on level 5 of the Dungeon.
You worshipped Lugonu.
Lugonu was pleased with you.
You visited 1 branch of the dungeon, and saw 5 of its levels.
You visited the Abyss 1 time.

You collected 253 gold pieces.

Inventory:

Hand Weapons
 a - a +2 hand axe (weapon)
Missiles
 g - 3 poisoned darts (quivered)
Armour
 d - a +0 chain mail (worn)
 e - a +1 pair of gloves (worn)
 i - a +0 helmet (worn)
Wands
 p - a wand of flame (41)
 r - a wand of enslavement (10)
Scrolls
 j - 2 scrolls of identify
 n - 2 scrolls of fog
 o - a scroll of remove curse
 s - 2 scrolls of enchant armour
 t - a scroll of magic mapping {unknown}
 u - a scroll of teleportation {unknown}
Potions
 b - a potion of lignification
 c - a potion of cancellation {unknown}
 f - a potion of flight {unknown}
 h - a potion of curing {unknown}
 k - 3 potions of ambrosia {unknown}
 l - a potion of mutation {unknown}
 m - a potion of haste {unknown}
 q - a potion of heal wounds {unknown}


   Skills:
 + Level 7.3 Fighting
 + Level 3.1 Short Blades
 + Level 3.1 Long Blades
 + Level 5.6 Axes
 + Level 3.1 Maces & Flails
 + Level 3.1 Polearms
 + Level 3.1 Staves
 + Level 3.1 Slings
 + Level 3.1 Bows
 + Level 3.1 Crossbows
 + Level 3.1 Throwing
 + Level 5.6 Armour
 + Level 4.1 Dodging
 + Level 3.1 Stealth
 + Level 3.1 Shields
 + Level 3.1 Unarmed Combat
 + Level 3.1 Spellcasting
 + Level 2.5 Conjurations
 + Level 2.5 Hexes
 + Level 2.5 Summonings
 + Level 2.5 Necromancy
 + Level 2.5 Translocations
 + Level 2.5 Transmutations
 + Level 2.5 Fire Magic
 + Level 2.5 Ice Magic
 + Level 2.5 Air Magic
 + Level 2.5 Earth Magic
 + Level 2.5 Poison Magic
 + Level 5.8 Invocations
 + Level 3.1 Evocations


You had 13 spell levels left.
You didn't know any spells.
Your spell library was empty.

Dungeon Overview and Level Annotations

Branches:
Dungeon (5/15)             Temple (0/1) D:4

Altars:
Ashenzari
Gozag
Hepliaklqana
Kikubaaqudgha


Innate Abilities, Weirdness & Mutations

Your experience applies equally to all skills.
You have very sharp teeth.
Your uncanny sense of smell can sniff out nearby items.


Message History

The two-headed ogre is moderately wounded.
The two-headed ogre closely misses you.
The two-headed ogre hits you with a +0 giant club!
Unknown command.
You hit the two-headed ogre.
The two-headed ogre is heavily wounded.
You hit the two-headed ogre.
The two-headed ogre is heavily wounded.
The two-headed ogre hits you with a +0 giant club! x2
Unknown command.
You slash the two-headed ogre!
The two-headed ogre is severely wounded.
The two-headed ogre hits you with a +0 giant club!!
* * * LOW HITPOINT WARNING * * *
The two-headed ogre hits you but does no damage.
Unknown command.
Your chain mail prevents you from hitting the two-headed ogre.
The two-headed ogre is severely wounded.
The two-headed ogre hits you with a +0 giant club!
You die...

##############
.............#
############.#
####.#######
#...........
##.##.######. ∆
#.........#
#######..##.###@#
##........##.#
#O#
...######.##.#
#(#
#.........##.#
#.#
#.##########.#
#(# #.# #.# #.#
#.# #.# #(# #.#
#.# .(.
#)######## #.#


You could see a two-headed ogre (very poisoned).

Vanquished Creatures
  Prince Ribbit (D:5)
  Sigmund (D:4)
  2 phantoms
  A scorpion (D:5)
  A howler monkey (D:4)
  2 orc priests (D:4)
  3 hounds
  An iguana (D:5)
  3 worker ants (D:4)
  A worker ant zombie (D:5)
  11 adders
  A river rat (D:4)
  A shadow imp (D:4)
  3 oozes
  An adder skeleton (D:4)
  4 worms
  2 dart slugs
  A leopard gecko (D:2)
  4 orcs (D:4)
  3 ball pythons
  3 giant cockroaches
  3 goblins
  3 hobgoblins
  3 quokkas
  8 bats
  5 frilled lizards
  6 kobolds
  7 rats
85 creatures vanquished.

Notes
Turn   | Place    | Note
-------+----------+-------------------------------------------
     0 | Abyss:1  | Gargoyl the Gnoll Abyssal Knight began the quest for the
                  | Orb.
     0 | Abyss:1  | Reached XP level 1. HP: 23/23 MP: 3/3
    74 | Abyss:1  | Noticed an ice beast
   385 | Abyss:2  | Noticed an iron imp
   386 | Abyss:2  | Noticed a large abomination
   388 | Abyss:2  | Noticed a large abomination
   389 | Abyss:2  | Noticed a wretched star
   397 | Abyss:2  | Noticed a hellephant
   399 | D:1      | Escaped the Abyss
   623 | D:1      | Reached XP level 2. HP: 29/29 MP: 5/5
  1033 | D:2      | Reached * piety under Lugonu
  1050 | D:2      | Reached XP level 3. HP: 19/35 MP: 6/6
  1685 | D:2      | Reached skill level 1 in Short Blades
  1685 | D:2      | Reached skill level 1 in Long Blades
  1685 | D:2      | Reached skill level 1 in Maces & Flails
  1685 | D:2      | Reached skill level 1 in Polearms
  1685 | D:2      | Reached skill level 1 in Staves
  1685 | D:2      | Reached skill level 1 in Slings
  1685 | D:2      | Reached skill level 1 in Bows
  1685 | D:2      | Reached skill level 1 in Crossbows
  1685 | D:2      | Reached skill level 1 in Throwing
  1685 | D:2      | Reached skill level 1 in Stealth
  1685 | D:2      | Reached skill level 1 in Shields
  1685 | D:2      | Reached skill level 1 in Unarmed Combat
  1685 | D:2      | Reached skill level 1 in Spellcasting
  1685 | D:2      | Reached skill level 1 in Evocations
  1685 | D:2      | Reached XP level 4. HP: 40/41 MP: 7/7
  2282 | D:3      | Reached skill level 1 in Conjurations
  2282 | D:3      | Reached skill level 1 in Hexes
  2282 | D:3      | Reached skill level 1 in Summonings
  2282 | D:3      | Reached skill level 1 in Necromancy
  2282 | D:3      | Reached skill level 1 in Translocations
  2282 | D:3      | Reached skill level 1 in Transmutations
  2282 | D:3      | Reached skill level 1 in Fire Magic
  2282 | D:3      | Reached skill level 1 in Ice Magic
  2282 | D:3      | Reached skill level 1 in Air Magic
  2282 | D:3      | Reached skill level 1 in Earth Magic
  2282 | D:3      | Reached skill level 1 in Poison Magic
  2582 | D:3      | Reached ** piety under Lugonu
  2663 | D:3      | Reached XP level 5. HP: 44/47 MP: 8/8
  3142 | D:4      | Noticed Sigmund
  3150 | D:4      | Killed Sigmund
  3151 | D:4      | Reached skill level 5 in Axes
  3151 | D:4      | Reached skill level 5 in Armour
  3151 | D:4      | Reached skill level 5 in Invocations
  3151 | D:4      | Reached XP level 6. HP: 46/53 MP: 9/9
  3262 | D:4      | Noticed a phantom
  3295 | D:4      | Found a staircase to the Ecumenical Temple.
  3330 | D:4      | Reached XP level 7. HP: 42/59 MP: 10/10
  3334 | D:4      | Reached skill level 7 in Fighting
  3854 | D:4      | Found a broken altar of Ashenzari.
  4105 | D:5      | Entered Level 5 of the Dungeon
  4379 | D:5      | Noticed Prince Ribbit
  4397 | D:5      | Killed Prince Ribbit
  4398 | D:5      | Reached XP level 8. HP: 52/67 MP: 12/12
  4677 | D:5      | Found an opulent altar of Gozag.
  4679 | D:5      | Found a hazy altar of Hepliaklqana.
  4681 | D:5      | Found an ancient bone altar of Kikubaaqudgha.
  4711 | D:5      | Noticed a two-headed ogre
  4721 | D:5      | HP: 3/67 [two-headed ogre/+0 giant club (18)]
  4722 | D:5      | Mangled by a two-headed ogre

Illustrated notes

Levels and vault maps discovered:
D:1:      kennysheep_arrival_seaside, layout_rooms
D:2:      layout_basic
D:3:      layout_basic
D:4:      layout_loops_ring, lemuel_doored_altar, minmay_temple_entry_glass,
          cheibrodos_sewer_entry_sluice, uniq_sigmund
D:5:      layout_loops_ring, nicolae_ru_path_of_blood,
          nicolae_overflow_hidden_temple, kennysheep_mini, uniq_prince_ribbit1

Skill      XL: |  1  2  3  4  5  6  7 |
---------------+----------------------+-----
Short Blades   | 1 2 3 |  3.1
Long Blades    | 1 2 3 |  3.1
Maces & Flails | 1 2 3 |  3.1
Polearms       | 1 2 3 |  3.1
Staves         | 1 2 3 |  3.1
Slings         | 1 2 3 |  3.1
Bows           | 1 2 3 |  3.1
Crossbows      | 1 2 3 |  3.1
Throwing       | 1 2 3 |  3.1
Stealth        | 1 2 3 |  3.1
Shields        | 1 2 3 |  3.1
Unarmed Combat | 1 2 3 |  3.1
Spellcasting   | 1 2 3 |  3.1
Evocations     | 1 2 3 |  3.1
Conjurations   | 1 2 |  2.5
Hexes          | 1 2 |  2.5
Summonings     | 1 2 |  2.5
Necromancy     | 1 2 |  2.5
Translocations | 1 2 |  2.5
Transmutations | 1 2 |  2.5
Fire Magic     | 1 2 |  2.5
Ice Magic      | 1 2 |  2.5
Air Magic      | 1 2 |  2.5
Earth Magic    | 1 2 |  2.5
Poison Magic   | 1 2 |  2.5
Dodging        | 3 4 |  4.1
Axes           | 5 |  5.6
Armour         | 5 |  5.6
Invocations    | 5 |  5.8
Fighting       | 7 |  7.3

Action                   |  1- 3 |  4- 6 |  7- 9 || total
-------------------------+-------+-------+-------++-------
Melee: Hand axe          |   108 |   144 |   117 ||   369
       Bite              |     9 |    17 |     4 ||    30
       Punch             |     1 |       |     2 ||     3
Throw: Dart              |       |       |     6 ||     6
Invok: Depart the Abyss  |     1 |       |       ||     1
  Use: Scroll            |     4 |     4 |       ||     8
       Potion            |       |       |     1 ||     1
Armor: Chain mail        |    73 |    72 |    62 ||   207
Dodge: Dodged            |    58 |    60 |    39 ||   157

Table legend: (Time is in decaauts)
 A = Elapsed time spent in this place.
 B = Non-inter-level travel time spent in this place.
 C = Inter-level travel time spent in this place.
 D = Time resting spent in this place.
 E = Time spent auto-exploring this place.
 F = Levels seen in this place.
 G = Mean time per level.
                   A        B        C        D        E       F      G
               +--------+--------+--------+--------+--------+-----+--------+
         Total |   4754 |   4645 |    109 |    359 |   3455 |   7 |  679.1 |
       Dungeon |   4356 |   4247 |    109 |    164 |   3301 |   5 |  871.2 |
         Abyss |    398 |    398 |      0 |    195 |    154 |   2 |  199.0 |
               +--------+--------+--------+--------+--------+-----+--------+

Top non-repeatable levels by time:
     D:2: 1178 daAuts
     D:4: 1020 daAuts
     D:3: 899 daAuts
     D:1: 632 daAuts
     D:5: 625 daAuts
 Abyss:2: 315 daAuts
 Abyss:1: 83 daAuts
